 Dungeon Crawl Stone Soup version 0.28.0-43-g3370ac3207 (webtiles) character file.

Game seed: 5725630357192288594

1028 H0rd4k the Thaumaturge (level 8, -4/41 HPs)
             Began as a Deep Elf Hedge Wizard on Mar 10, 2022.
             Slain by an ogre
             ... wielding a +0 giant club
              (17 damage)
             ... on level 5 of the Dungeon.
             The game lasted 00:07:06 (5990 turns).

H0rd4k the Thaumaturge (Deep Elf Hedge Wizard)      Turns: 5990, Time: 00:07:06

Health: -4/41      AC:  4    Str:  7    XL:     8   Next: 3%
Magic:  12/23      EV: 13    Int: 22    God:
Gold:   254        SH:  4    Dex: 14    Spells: 16/25 levels left

rFire   . . .      SeeInvis .   d - +3 dagger (freeze)
rCold   . . .      Faith    +   (no shield)
rNeg    . . .      Spirit   .   b - +0 robe
rPois   +          Reflect  .   c - +0 hat
rElec   .          Harm     .   (no cloak)
rCorr   .          Rampage  .   (no gloves)
Will    .....                   (no boots)
Stlth   ++........              l - amulet of faith
HPRegen 0.13/turn               (no ring)
MPRegen 0.18/turn               (no ring)

@: on blink cooldown
A: iridescent scales 1, large bone plates 1, poison resistance
a: no special abilities


You were on level 5 of the Dungeon.
You visited 1 branch of the dungeon, and saw 5 of its levels.
You also visited: Sewer.

You collected 254 gold pieces.

Inventory:

Hand Weapons
 d - a +3 dagger of freezing (weapon)
Armour
 b - a +0 robe (worn)
 c - a +0 hat (worn)
Jewellery
 l - an amulet of faith (around neck)
Scrolls
 a - 5 scrolls of identify {unknown}
 f - a scroll of teleportation {unknown}
 j - 2 scrolls of blinking {unknown}
 o - 2 scrolls of vulnerability {unknown}
 q - a scroll of fog {unknown}
 s - a scroll of brand weapon {unknown}
 t - a scroll of acquirement {unknown}
 u - a scroll of summoning {unknown}
Potions
 e - 3 potions of might {unknown}
 g - a potion of mutation
 h - a potion of attraction
 i - a potion of invisibility {unknown}
 k - 2 potions of curing
 m - a potion of lignification {unknown}
 n - 2 potions of haste {unknown}
 p - 2 potions of cancellation {unknown}
 r - a potion of degeneration {unknown}


   Skills:
 + Level 0.3 Fighting
 + Level 3.2 Dodging
 - Level 2.4 Stealth
 + Level 1.0 Shields
 + Level 9.4 Spellcasting
 + Level 5.6 Conjurations
 + Level 1.1 Summonings
 + Level 1.8 Translocations
 + Level 1.5 Fire Magic
 + Level 1.3 Air Magic
 + Level 2.0 Poison Magic
 + Level 0.4 Evocations


You had 16 spell levels left.
You knew the following spells:

 Your Spells              Type           Power      Damage    Failure   Level
a - Magic Dart            Conj           100%       1d8       1%          1
b - Blink                 Tloc           36%        N/A       4%          2
c - Conjure Flame         Conj/Fire      26%        6-21      4%          3
d - Mephitic Cloud        Conj/Pois/Air  23%        N/A       5%          3

Your spell library contained the following spells:

 Spells                   Type           Power      Damage    Failure   Level
 Slow                     Hex            40%        N/A       6%          1
 Call Imp                 Summ           15%        N/A       6%          2


Dungeon Overview and Level Annotations

Branches:
Dungeon (5/15)              Sewer (visited)
 Temple: D:4-7

Altars:
Hepliaklqana

Annotations:
D:4 exclusion: 2 downstairs


Innate Abilities, Weirdness & Mutations

You are partially covered in iridescent scales. (AC +2)
You are partially covered in large bone plates. (SH +4)
Your system is resistant to poisons. (rPois)


Message History

The orc wizard is severely wounded.
The orc wizard points at you and mumbles some strange words.
The puff of flame hits you!
The magic dart hits the orc wizard!
You kill the orc wizard!
The orc throws a boomerang.
You block the boomerang.
Your Shields skill increases to level 1!
The magic dart hits the hornet zombie.
The hornet zombie is lightly damaged.
The orc priest shouts!
The magic dart hits the hornet zombie.
The hornet zombie is moderately damaged.
The orc priest zaps a wand.
The mass of ice explodes!
The iceblast engulfs you!
You hear a shout!
The magic dart hits the hornet zombie.
The hornet zombie is moderately damaged.
The magic dart hits the hornet zombie but does no damage.
The hornet zombie is moderately damaged.
The hornet zombie closely misses you.
An ogre comes into view. It is wielding a +0 giant club.
The hornet zombie completely misses you.
Unknown command.
Casting: Magic Dart (safe; 1% risk of failure)
Confirm with . or Enter, or press ? or * to list all spells.
You blink.
The orc priest miscasts a cantrip.
Casting: Blink (safe; 4% risk of failure)
Confirm with . or Enter, or press ? or * to list all spells.
You are still too unstable to blink.
Found 8 gold pieces.
The hornet zombie hits you.
Found a purple potion.
You feel stable enough to blink again.
The orc priest invokes the aid of Beogh against you.
Beogh smites you!
Casting: Blink (safe; 4% risk of failure)
Confirm with . or Enter, or press ? or * to list all spells.
You blink.
The ogre hits you with a +0 giant club!
You die...

..........######...###....##.
.............###....#
##.)....
...................##
##.##..> ..!...[.......##..#
##..# #..
#.....#.......#....#...####.
#.....#.....)####.......#...
#.....Z....#####...#.......
#.....o..O.#.##...####.#...
##.......o@.......#.####...
#.$.....).....#.......##....
#............###...........#.
#.....###....# ##........####
##.... ........#.........####
#....................#.)))..
###................####.###.
###............. ..#..##. ...
#.....##.


You could see an ogre, an orc priest, an orc and a hornet zombie.

Vanquished Creatures
  3 yaks
  An ogre (D:4)
  2 kobold brigands (Sewer)
  A scorpion (D:4)
  A water moccasin zombie (D:4)
  An orc wizard (D:5)
  7 gnolls (D:5)
  8 adders
  A river rat (Sewer)
  An adder skeleton (D:4)
  5 worms
  A dart slug (D:4)
  8 orcs
  5 bats
  6 endoplasms
  5 giant cockroaches
  4 goblins
  5 hobgoblins
  4 quokkas
  4 ball pythons
  3 frilled lizards
  9 kobolds
  6 rats
  A spectral goblin (D:3)
92 creatures vanquished.

Notes
Turn   | Place    | Note
-------+----------+-------------------------------------------
     0 | D:1      | H0rd4k the Deep Elf Hedge Wizard began the quest for the
                  | Orb.
     0 | D:1      | Reached XP level 1. HP: 10/10 MP: 7/7
   431 | D:1      | Reached XP level 2. HP: 15/15 MP: 5/9
   482 | D:1      | Reached skill level 5 in Spellcasting
  1130 | D:2      | Found a faded altar of an unknown god.
  1681 | D:3      | Reached XP level 3. HP: 19/19 MP: 4/11
  1684 | D:3      | Learned a level 2 spell: Blink
  1688 | D:3      | Learned a level 3 spell: Conjure Flame
  1692 | D:3      | Learned a level 3 spell: Mephitic Cloud
  2385 | D:3      | Found a hazy altar of Hepliaklqana.
  2901 | D:4      | Found a glowing drain.
  2927 | Sewer    | Entered a sewer
  3120 | Sewer    | Reached XP level 4. HP: 23/24 MP: 3/13
  3215 | Sewer    | Noticed a kobold brigand
  3220 | Sewer    | Killed a kobold brigand
  3221 | Sewer    | Reached skill level 6 in Spellcasting
  3221 | Sewer    | Reached skill level 1 in Poison Magic
  3351 | Sewer    | Noticed a kobold brigand
  3353 | Sewer    | Reached XP level 5. HP: 28/28 MP: 10/15
  3418 | Sewer    | Gained mutation: You are partially covered in iridescent
                  | scales. (AC +2) [potion of mutation]
  3418 | Sewer    | Gained mutation: Your system is resistant to poisons.
                  | (rPois) [potion of mutation]
  3418 | Sewer    | Gained mutation: You are partially covered in large bone
                  | plates. (SH +4) [potion of mutation]
  3426 | Sewer    | Reached skill level 1 in Fire Magic
  3426 | Sewer    | Reached skill level 1 in Air Magic
  3844 | Sewer    | Reached XP level 6. HP: 32/32 MP: 13/17
  3893 | Sewer    | Reached skill level 7 in Spellcasting
  4966 | D:4      | Reached skill level 8 in Spellcasting
  5270 | D:5      | Entered Level 5 of the Dungeon
  5298 | D:5      | Reached XP level 7. HP: 36/36 MP: 15/20
  5450 | D:5      | Noticed a yak
  5451 | D:5      | Noticed a yak
  5607 | D:5      | Noticed a yak
  5609 | D:5      | Noticed a yak
  5610 | D:5      | Noticed a yak
  5620 | D:5      | Killed a yak
  5620 | D:5      | Noticed a yak
  5624 | D:5      | Killed a yak
  5625 | D:5      | Reached skill level 9 in Spellcasting
  5625 | D:5      | Reached skill level 5 in Conjurations
  5686 | D:4      | Killed a yak
  5687 | D:4      | Reached XP level 8. HP: 18/41 MP: 4/23
  5977 | D:5      | Reached skill level 1 in Shields
  5990 | D:5      | Slain by an ogre

Illustrated notes

Levels and vault maps discovered:
D:1:      dpeg_arrival_chambers_temple_mockup, layout_rooms
D:2:      layout_rooms, shapermc_ecumenical_altar_venn, chequers_big_river,
          minmay_misc_feat_tiny, st_stairs_8
D:3:      layout_loops_ring, nicolae_hepliaklqana_monster_ancestors,
          glass_columns_a, minmay_circle_x
D:4:      layout_loops_corners, cheibrodos_sewer_entry_drain, minivault_23,
          kennysheep_generic_room_5
D:5:      layout_cave_pools

Skill      XL: |  1  2  3  4  5  6  7  8 |
---------------+-------------------------+-----
Spellcasting   | 5 6 8 9 |  9.4
Conjurations   | 2 3 4 5 |  5.6
Poison Magic   | 1 2 |  2.0
Fire Magic     | 1 |  1.5
Air Magic      | 1 |  1.3
Dodging        | 3 |  3.2
Shields        | 1 |  1.0
Fighting       | |  0.3
Stealth        | |  2.4
Summonings     | |  1.1
Translocations | |  1.8
Evocations     | |  0.4

Action                   |  1- 3 |  4- 6 |  7- 9 || total
-------------------------+-------+-------+-------++-------
Melee: Dagger            |       |     5 |       ||     5
 Cast: Magic Dart        |   138 |   125 |    35 ||   298
       Mephitic Cloud    |       |     2 |     4 ||     6
       Conjure Flame     |       |     3 |     3 ||     6
       Blink             |       |     2 |     4 ||     6
Evoke: Wand              |       |     4 |       ||     4
  Use: Potion            |       |     3 |       ||     3
Armor: Robe              |     4 |     4 |       ||     8
Dodge: Dodged            |     7 |    29 |     3 ||    39
Block: Other             |       |     4 |     3 ||     7
